 Dungeon Crawl Stone Soup version 0.21.1-1-g345015f (webtiles) character file.

88 pk666 the Magician (level 4, 0/24 HPs)
             Began as a Deep Elf Wizard on Feb 12, 2018.
             Slain by a worm (3 damage)
             ... on level 3 of the Dungeon.
             The game lasted 00:04:42 (2980 turns).

pk666 the Magician (Deep Elf Wizard)                Turns: 2980, Time: 00:04:43

Health: 0/24       AC:  3    Str:  4    XL:     4   Next: 30%
Magic:  3/13       EV: 13    Int: 24    God:
Gold:   153        SH:  0    Dex: 13    Spells: 5/14 levels left

rFire    . . .     SeeInvis .   i - +0 dagger
rCold    . . .     Gourm    .   (no shield)
rNeg     . . .     Faith    .   a - +0 robe
rPois    +         Spirit   .   b - +0 hat
rElec    .         Reflect  .   (no cloak)
rCorr    .         Harm     .   h - +0 pair of gloves (curse)
MR       .....                  (no boots)
Stlth    ++........             (no amulet)
HPRegen  0.08/turn              l - ring of poison resistance
MPRegen  0.13/turn              (no ring)

@: no status effects
A: no striking features
a: no special abilities


You were on level 3 of the Dungeon.
You were not hungry.

You visited 1 branch of the dungeon, and saw 3 of its levels.

You collected 153 gold pieces.

Inventory:

Hand Weapons
 i - a +0 dagger (weapon)
Armour
 a - a +0 robe (worn)
 b - a +0 hat (worn)
 h - a cursed +0 pair of gloves (worn)
Jewellery
 l - a ring of poison resistance (left hand)
 o - an uncursed ring of ice
Scrolls
 e - a scroll of remove curse {unknown}
 m - 4 scrolls of identify {unknown}
Potions
 f - a potion of resistance {unknown}
 g - 2 potions of curing {unknown}
 j - a potion of lignification {unknown}
 k - a potion of degeneration {unknown}
Books
 c - a book of Minor Magic

   Spells                             Type                      Level
   a - Magic Dart                     Conjuration                  1
   b - Blink                          Translocation                2
   c - Call Imp                       Summoning                    2
   d - Slow                           Hexes                        2
   e - Conjure Flame                  Conjuration/Fire             3
   f - Mephitic Cloud                 Conjuration/Poison/Air       3
Comestibles
 d - 5 rations
 n - a chunk of flesh


   Skills:
 + Level 3.2 Dodging
 - Level 2.4 Stealth
 + Level 5.5 Spellcasting
 + Level 2.8 Conjurations
   Level 1.1 Summonings
 - Level 1.1 Translocations
 * Level 0.4 Fire Magic
 * Level 0.2 Air Magic
 * Level 0.4 Poison Magic


You had 5 spell levels left.
You knew the following spells:

 Your Spells              Type           Power        Failure   Level  Hunger
a - Magic Dart            Conj           ###.         2%          1    None
b - Blink                 Tloc           N/A          8%          2    None
d - Conjure Flame         Conj/Fire      ##......     13%         3    #......
z - Mephitic Cloud        Conj/Pois/Air  ##......     16%         3    #......


Dungeon Overview and Level Annotations

Branches:
Dungeon (3/15)

Altars:
Okawaru


Message History

The magic dart hits the worm.
The worm is severely wounded.
The worm bites you.
* * * LOW HITPOINT WARNING * * *
Casting: Magic Dart
Confirm with . or Enter, or press ? or * to list all spells.
Aiming: Magic Dart
Press: ? - help, Shift-Dir - straight line, f/p - worm
Aim: a worm (severely wounded)
The magic dart hits the worm.
The worm is severely wounded.
Casting: Magic Dart
Confirm with . or Enter, or press ? or * to list all spells.
Aiming: Magic Dart
Press: ? - help, Shift-Dir - straight line, f/p - worm
Aim: a worm (severely wounded)
The magic dart hits the worm.
The worm is almost dead.
The worm bites you.
You die...

#..... # #... #.
#.######## # #.#
##.(....... #>#..#
##..######## .....#
##.†'## # #...##
##)....## #
#w.###.......# #
#@...........# #
#.........#.........####
#.#.......'.........+...
##...#.##.........####
#...#.###.......## #
###.#.# ##.....## #
#.#.# #...## # ....#
#+## # #


You could see a worm.

Vanquished Creatures
  3 adders (D:2)
  2 worms (D:2)
  3 dart slugs
  2 leopard geckos
  An orc (D:3)
  7 bats
  3 giant cockroaches
  2 goblins
  3 hobgoblins
  6 jackals
  5 frilled lizards (D:1)
  8 kobolds
  2 rats (D:2)
47 creatures vanquished.

Notes
Turn   | Place    | Note
-------+----------+-------------------------------------------
     0 | D:1      | pk666 the Deep Elf Wizard began the quest for the Orb.
     0 | D:1      | Reached XP level 1. HP: 10/10 MP: 7/7
   370 | D:1      | Reached XP level 2. HP: 15/15 MP: 5/9
   806 | D:1      | Reached skill level 5 in Spellcasting
  1373 | D:2      | Reached XP level 3. HP: 19/19 MP: 4/11
  1931 | D:2      | Reached XP level 4. HP: 24/24 MP: 5/13
  1991 | D:2      | Learned a level 2 spell: Blink
  1995 | D:2      | Learned a level 3 spell: Mephitic Cloud
  1999 | D:2      | Learned a level 3 spell: Conjure Flame
  2083 | D:2      | Found an iron altar of Okawaru.
  2980 | D:3      | Slain by a worm

Skill      XL: |  1  2  3 |
---------------+----------+-----
Conjurations   | 2 |  2.8
Spellcasting   | 5 |  5.5
Dodging        | 3 |  3.2
Stealth        | |  2.4
Summonings     | |  1.1
Translocations | |  1.1
Fire Magic     | |  0.4
Air Magic      | |  0.2
Poison Magic   | |  0.4

Action                   |  1- 3 |  4- 6 || total
-------------------------+-------+-------++-------
 Cast: Magic Dart        |   103 |    43 ||   146
  Eat: Chunk             |     3 |     3 ||     6
Armor: Robe              |     3 |     1 ||     4
Dodge: Dodged            |    19 |     2 ||    21
